 Dungeon Crawl Stone Soup version 0.23-a0-586-gacb4b3f (webtiles) character file.

1892 galech the Chopper (level 8, -1/61 HPs)
             Began as a Demonspawn Fighter on Dec 18, 2018.
             Was a Believer of Okawaru.
             Slain by a sky beast (5 damage)
             ... in the Ecumenical Temple.
             The game lasted 00:08:42 (6039 turns).

galech the Chopper (Demonspawn Fighter)             Turns: 6039, Time: 00:08:42

Health: -1/61      AC:  8    Str: 16    XL:     8   Next: 93%
Magic:  0/8        EV: 11    Int: 10    God:    Okawaru [**....]
Gold:   298        SH: 10    Dex: 15    Spells: 7/7 levels left

rFire    + . .     SeeInvis .   a - +0 war axe
rCold    x . .     Gourm    .   c - +0 shield
rNeg     . . .     Faith    .   b - +0 scale mail
rPois    .         Spirit   +   (no helmet)
rElec    .         Reflect  .   e - +0 cloak
rCorr    .         Harm     .   (no gloves)
MR       .....                  (no boots)
Stlth    ..........             (no amulet)
HPRegen  0.20/turn              l - ring of fire
MPRegen  0.11/turn              (no ring)

@: no status effects
A: claws 1, repulsion field 1, powered by death 1, magic shield
a: Heroism, Renounce Religion


You were in the Ecumenical Temple.
You worshipped Okawaru.
Okawaru was pleased with you.
You were not hungry.

You visited 2 branches of the dungeon, and saw 7 of its levels.

You collected 298 gold pieces.

Inventory:

Hand Weapons
 a - a +0 war axe (weapon)
 r - a +2 spear of flaming
Armour
 b - a +0 scale mail (worn)
 c - a +0 shield (worn)
 e - a +0 cloak (worn)
Jewellery
 l - a ring of fire (left claw)
Wands
 s - a wand of scattershot (6)
Scrolls
 d - 3 scrolls of teleportation {unknown}
 g - a scroll of remove curse {unknown}
 j - 3 scrolls of identify {unknown}
 n - 3 scrolls of enchant weapon {unknown}
 q - a scroll of magic mapping {unknown}
 t - a scroll of immolation {unknown}
 u - 3 scrolls of fog {unknown}
 v - a scroll of fear {unknown}
 w - a scroll of noise {unknown}
 y - a scroll of amnesia {unknown}
 A - a scroll of enchant armour {unknown}
Potions
 h - a potion of agility
 i - 2 potions of flight {unknown}
 k - 2 potions of berserk rage {unknown}
 m - a potion of cancellation {unknown}
 o - a potion of magic {unknown}
 p - 3 potions of curing {unknown}
 x - a potion of resistance {unknown}
 B - a potion of brilliance {unknown}
Comestibles
 f - 8 rations
 z - a chunk of flesh


   Skills:
 + Level 4.9 Fighting
 + Level 7.1 Axes
 + Level 4.9 Armour
 + Level 2.8 Dodging
 + Level 1.0 Stealth
 + Level 5.5 Shields
 + Level 0.1 Invocations


You had 7 spell levels left.
You didn't know any spells.
Your spell library contained the following spells:

 Spells                   Type           Power        Failure   Level  Hunger
 Summon Small Mammal      Summ           #...         99%         1    ##.....
 Call Imp                 Summ           #.......     100%        2    ###....
 Call Canine Familiar     Summ           #.......     100%        3    ####...
 Summon Guardian Golem    Hex/Summ       #.......     100%        3    ####...
 Summon Ice Beast         Ice/Summ       #.......     100%        4    #####..
 Summon Lightning Spire   Summ/Air       #.......     100%        4    #####..


Dungeon Overview and Level Annotations

Branches:
Dungeon (6/15)             Temple (1/1) D:6

Altars:
Elyvilon
Fedhas
Nemelex Xobeh
Okawaru
Vehumet


Innate Abilities, Weirdness & Mutations

You have sharp fingernails.
You are surrounded by a mild repulsion field. (EV +2)
You regenerate a little health from kills.
When hurt, damage is shared between your health and your magic reserves.


Message History

Okawaru will no longer gift you ammunition.
You block something's attack.
Deactivating autopickup; reactivate with Ctrl-A.
Found a radiant altar of Vehumet.
Something hits you but does no damage.
Your scale mail prevents you from hitting something.
Something hits you but does no damage.
You hit something. Something hits you but does no damage.
You hit something but do no damage. Something hits you but does no damage.
You miss something. Something barely misses you.
You miss something. Something hits you.
* * * LOW HITPOINT WARNING * * *
Something shocks you.
* * * LOW HITPOINT WARNING * * *
You slash something! Something hits you but does no damage.
You closely miss something. You slash something!
You feel like a meek peon again. Something hits you. Something shocks you.
You die...

##...
..#
#.....
..
....._
.. ....
.#...
...#
##.##
##...##
#@{<..#
##...##
##.##
...#
.#..#
.. ....
..
.....
..#
#....


There were no monsters in sight!

Vanquished Creatures
  Eustachio (D:4)
  An orc warrior (D:5)
  An ice beast (D:5)
  2 ogres
  A phantom (D:5)
  2 centaurs
  A scorpion (D:5)
  A howler monkey (D:5)
  2 jellies
  6 hounds
  An orc priest (D:6)
  4 bullfrog skeletons
  A centaur skeleton (D:5)
  Jessica (D:3)
  Natasha (thrice) (D:3)
  6 orc wizards
  2 worker ants
  A worker ant zombie (D:6)
  10 gnolls
  8 adders
  3 shadow imps
  5 oozes
  2 worms
  3 dart slugs
  5 leopard geckos
  17 orcs
  7 bats
  6 giant cockroaches
  7 goblins
  6 hobgoblins
  8 kobolds
  3 quokkas (D:3)
  3 ball pythons
  5 frilled lizards
  8 rats
143 creatures vanquished.

Notes
Turn   | Place    | Note
-------+----------+-------------------------------------------
     0 | D:1      | galech the Demonspawn Fighter began the quest for the Orb.
     0 | D:1      | Reached XP level 1. HP: 18/18 MP: 1/1
    69 | D:1      | Gained mutation: You have sharp fingernails. [demonic
                  | ancestry]
    69 | D:1      | Reached XP level 2. HP: 18/24 MP: 2/2
    74 | D:1      | Reached skill level 2 in Axes
   377 | D:1      | Gained mutation: You are surrounded by a mild repulsion
                  | field. (EV +2) [demonic ancestry]
   377 | D:1      | Reached XP level 3. HP: 25/29 MP: 3/3
   986 | D:2      | Reached XP level 4. HP: 21/35 MP: 4/4
  1555 | D:2      | Reached skill level 3 in Axes
  1657 | D:2      | Gained mutation: You regenerate a little health from kills.
                  | [demonic ancestry]
  1657 | D:2      | Reached XP level 5. HP: 20/42 MP: 5/5
  2128 | D:3      | Found an iron altar of Okawaru.
  2136 | D:3      | Became a worshipper of Warmaster Okawaru
  2153 | D:3      | Gained mutation: When hurt, damage is shared between your
                  | health and your magic reserves. [demonic ancestry]
  2153 | D:3      | Reached XP level 6. HP: 35/48 MP: 6/6
  2370 | D:3      | Noticed Jessica
  2371 | D:3      | Noticed Natasha
  2382 | D:3      | Killed Natasha
  2391 | D:3      | Killed Jessica
  2732 | D:3      | Found a blossoming altar of Fedhas.
  2766 | D:3      | Noticed Natasha
  2775 | D:3      | Killed Natasha
  2775 | D:3      | Reached skill level 1 in Dodging
  2845 | D:3      | Noticed Natasha
  2857 | D:3      | Killed Natasha
  3131 | D:4      | Reached skill level 4 in Axes
  3220 | D:4      | Reached * piety under Okawaru
  3223 | D:4      | Reached XP level 7. HP: 49/54 MP: 5/7
  3527 | D:4      | Found a sparkling altar of Nemelex Xobeh.
  3579 | D:4      | Noticed Eustachio
  3617 | D:4      | Killed Eustachio
  3617 | D:4      | Reached skill level 5 in Axes
  4033 | D:5      | Entered Level 5 of the Dungeon
  4102 | D:5      | Found a white marble altar of Elyvilon.
  4371 | D:5      | Reached ** piety under Okawaru
  4371 | D:5      | Reached skill level 5 in Shields
  4371 | D:5      | Reached XP level 8. HP: 36/61 MP: 6/8
  4426 | D:5      | Reached skill level 6 in Axes
  5123 | D:5      | Reached skill level 1 in Stealth
  5694 | D:6      | Found a staircase to the Ecumenical Temple.
  5783 | D:6      | Reached skill level 7 in Axes
  5881 | D:6      | Reached *** piety under Okawaru
  5996 | D:6      | HP: 1/61 [orc/+0 war axe (5)]
  6028 | Temple   | Entered the Ecumenical Temple
  6036 | Temple   | HP: 3/61 [something (5)]
  6039 | Temple   | Slain by a sky beast

Vault maps used:
D:1:      eino_arrival_tree_alley
D:3:      overflow_temple_1_default, first_ration, fedhas_altar_fruit_tree,
          uniq_jessica, uniq_natasha
D:4:      nicolae_overflow_crystal_walls, uniq_eustachio
D:5:      kennysheep_spiral_hall, elyvilon_altar_3,
          chequers_serial_rivers_micro_b, serial_bayou_pond_d, minivault_25
D:6:      minmay_temple_entry_offerings
Temple:   eino_temple_scatter_basement

Skill      XL: |  1  2  3  4  5  6  7  8 |
---------------+-------------------------+-----
Axes           | 2 3 4 5 7 |  7.1
Armour         | 3 4 |  4.9
Shields        | 3 4 5 |  5.5
Fighting       | 4 |  4.9
Dodging        | 1 2 |  2.8
Stealth        | 1 |  1.0
Invocations    | |  0.1

Action                   |  1- 3 |  4- 6 |  7- 9 || total
-------------------------+-------+-------+-------++-------
Melee: War axe           |   107 |   256 |   279 ||   642
Invok: Heroism           |       |       |     2 ||     2
  Use: Potion            |       |     1 |       ||     1
  Eat: Chunk             |       |     8 |    10 ||    18
Armor: Scale mail        |    56 |   131 |   145 ||   332
Dodge: Dodged            |    34 |   132 |   155 ||   321
Block: Shield            |    51 |   202 |   191 ||   444

Table legend:
 A = Non-vault XP
 B = Vault XP
 C = Vault XP percentage of total XP
 D = Non-vault monster count
 E = Vault monster count
 F = Vault count percentage of total count
                 A         B        C        D         E       F
            +---------+---------+-------+---------+---------+-------
      Total |    2240 |     463 |  17.1 |     138 |       5 |   3.5
            +---------+---------+-------+---------+---------+-------
        D:1 |      51 |       0 |   0.0 |      25 |       0 |   0.0
        D:2 |     155 |       0 |   0.0 |      22 |       0 |   0.0
        D:3 |     278 |      73 |  20.8 |      36 |       2 |   5.3
        D:4 |     435 |     202 |  31.7 |      23 |       1 |   4.2
        D:5 |     856 |     188 |  18.0 |      21 |       2 |   8.7
        D:6 |     465 |       0 |   0.0 |      11 |       0 |   0.0
            +---------+---------+-------+---------+---------+-------
